 Dungeon Crawl Stone Soup version 0.25-a0-1073-gf4359a17dd (webtiles) character file.

Game seed: 2321583186176750355, levelgen mode: deterministic

6401 Lugonue the Spear-Bearer (level 10, 0/78 HPs)
             Began as a Green Draconian Venom Mage on May 14, 2020.
             Was a High Priest of Okawaru.
             Slain by a sixfirhy (5 damage)
             ... summoned by an orc high priest
             ... while paralysed by an orc sorcerer
             ... on level 1 of the Orcish Mines.
             The game lasted 00:23:29 (9924 turns).

Lugonue the Spear-Bearer (DrVM)                     Turns: 9924, Time: 00:23:29

Health: 0/78       AC: 16    Str: 18    XL:     10   Next: 66%
Magic:  11/20      EV:  2    Int: 16    God:    Okawaru [*****.]
Gold:   325        SH:  0    Dex: 13    Spells: 7/23 levels left

rFire    . . .     SeeInvis .   p - +2 trident (freeze)
rCold    . . .     Gourm    .   (no shield)
rNeg     . . .     Faith    .   (armour unavailable)
rPois    +         Spirit   .   (helmet restricted)
rElec    .         Reflect  .   y - +2 cloak
rCorr    .         Harm     .   t - +2 pair of gloves
MR       .....                  B - +2 pair of boots
Stlth    +++.......             a - amulet of regeneration
HPRegen  0.63/turn              v - +6 ring of strength
MPRegen  0.17/turn              K - ring of stealth

@: paralysed, lightly drained
A: breathe noxious fumes, unfitting armour, poison resistance, cold-blooded, AC
+7
a: Breathe Noxious Fumes, Heroism, Finesse, Renounce Religion


You were on level 1 of the Orcish Mines.
You worshipped Okawaru.
Okawaru was extremely pleased with you.
You were very full.

You visited 3 branches of the dungeon, and saw 11 of its levels.

You collected 527 gold pieces.
You spent 202 gold pieces at shops.

Inventory:

Hand Weapons
 j - a +0 spear
 p - a +2 trident of freezing (weapon)
Armour
 t - a +2 pair of gloves (worn)
 y - a +2 cloak (worn)
 B - a +2 pair of boots (worn)
 G - a scarf of invisibility
 L - a scarf of harm
Jewellery
 a - an amulet of regeneration (around neck)
 c - an uncursed amulet of magic regeneration
 i - an uncursed ring of ice
 v - a +6 ring of strength (left hand)
 I - an uncursed ring of positive energy
 K - a ring of stealth (right hand)
Wands
 w - a wand of clouds (4)
 C - a wand of random effects (19)
 D - a wand of iceblast (6)
 F - a wand of acid (10)
 J - a wand of enslavement (7)
Scrolls
 e - 2 scrolls of amnesia
 g - 5 scrolls of teleportation
 k - a scroll of fog
 l - a scroll of immolation
 o - 5 scrolls of remove curse
 q - 4 scrolls of identify
 u - a scroll of enchant weapon
Potions
 d - a potion of stabbing {unknown}
 f - 3 potions of curing
 h - 3 potions of might {unknown}
 r - a potion of magic {unknown}
 s - a potion of invisibility {unknown}
 x - a potion of ambrosia {unknown}
 A - a potion of flight {unknown}
 E - a potion of cancellation {unknown}
Comestibles
 b - 19 rations
 m - 4 chunks of flesh


   Skills:
 + Level 3.9(3.3) Fighting
 * Level 10.2(9.5) Polearms
 + Level 4.2(3.7) Dodging
 - Level 2.1(1.6) Stealth
 - Level 1.0(0.5) Unarmed Combat
 * Level 7.0(6.5) Spellcasting
 + Level 1.0(0.5) Conjurations
 + Level 3.2(2.6) Transmutations
 + Level 1.8(1.3) Fire Magic
 + Level 3.2(2.7) Air Magic
 + Level 1.0(0.5) Earth Magic
 + Level 8.2(7.6) Poison Magic


You had 7 spell levels left.
You knew the following spells:

 Your Spells              Type           Power        Failure   Level  Hunger
a - Sting                 Tmut/Pois      ###.         1%          1    None
b - Poisonous Vapours     Pois/Air       ###...       2%          2    None
c - Olgreb's Toxic Radia  Pois           ####....     6%          4    ####...
d - Ignite Poison         Fire/Tmut/Pois ###.....     8%          3    ##.....
e - Mephitic Cloud        Conj/Pois/Air  ###.....     9%          3    ##.....
f - Stone Arrow           Conj/Erth      #.....       30%         3    ##.....

Your spell library contained the following spells:

 Spells                   Type           Power        Failure   Level  Hunger
 Sandblast                Erth           #.....       11%         1    None
 Passwall                 Tmut/Erth      ##......     11%         2    None
 Conjure Flame            Conj/Fire      #.......     26%         3    ##.....
 Petrify                  Tmut/Erth      ##......     56%         4    ####...
 Lee's Rapid Deconstruct  Erth           #.........   96%         5    #####..
 Freezing Cloud           Conj/Ice/Air   #.........   100%        6    #######
 Ring of Flames           Chrm/Fire      #.........   100%        7    #######


Dungeon Overview and Level Annotations

Branches:
Dungeon (9/15)             Temple (1/1) D:4             Orc (1/2) D:9
   Lair: D:8-11

Altars:
Ashenzari
Cheibriados
Dithmenos
Elyvilon
Fedhas
Gozag
Hepliaklqana
Kikubaaqudgha
Makhleb
Nemelex Xobeh
Okawaru
Qazlal
Ru
Sif Muna
Trog
Uskayaw
Vehumet
Wu Jian
Xom
Yredelemnul
Zin
The Shining One
Beogh

Shops:
D:5 [*


Innate Abilities, Weirdness & Mutations

You can breathe blasts of noxious fumes.
Your lurid green scales are hard. (AC +7)
You cannot fit into any form of body armour.
Your system is resistant to poisons. (rPois)
You are cold-blooded and may be slowed by cold attacks.


Message History

The warg howls!
You are covered in liquid flames!
The orc sorcerer gestures at you while chanting.
The bolt of fire hits you but does no damage.
The smoke demon hits you but does no damage.
The smoke demon hits you.
The smoke demon hits you but does no damage.
The neqoxec gestures.
You hear a shout! x2
You are covered in liquid flames!
You hear a shout!
The orc sorcerer points at you and mumbles some strange words.
The bolt of negative energy hits you!!
You feel drained.
* * * LOW HITPOINT WARNING * * *
The smoke demon gestures at you. The ball of steam hits you!
* * * LOW HITPOINT WARNING * * *
You are engulfed in a cloud of scalding steam.
The sixfirhy hits you.
You die...

.. ...... ...
#...... ..)#
....... #...#
##.......
#...##........
##).O.§.......
#....)§)...#
#.....@...#
##.$o535.##
#...[53##
##o..35.
#.oh....#
.o).......
.))...###...
...$$# .$..


You could see an orc high priest, a sixfirhy (summoned), a smoke demon
(summoned), a neqoxec (summoned), a warg, an orc sorcerer, an ogre, 2 iron imps,
a quasit (summoned), a shadow imp (summoned, expiring) and 2 orcs.

Vanquished Creatures
  Erica (D:9)
  2 hippogriffs
  Sigmund (D:6)
  2 soldier ants (D:8)
  Edmund (D:4)
  11 orc warriors
  4 sky beasts
  A black bear (D:6)
  5 phantoms
  3 ogres
  5 centaurs
  A big kobold (D:7)
  6 bullfrogs
  6 scorpions
  A wyvern skeleton (D:6)
  3 killer bees (D:5)
  4 crimson imps
  A centaur zombie (D:6)
  8 orc priests
  A jelly (D:8)
  A centaur skeleton (D:6)
  Crazy Yiuf (D:5)
  5 hounds
  4 orc wizards
  2 bullfrog skeletons
  An iguana (D:9)
  8 worker ants
  A hound skeleton (D:4)
  A worker ant zombie (D:6)
  9 adders
  7 gnolls
  4 shadow imps
  An ooze (D:5)
  An adder skeleton (D:7)
  3 worms
  2 dart slugs
  5 leopard geckos
  36 orcs
  8 bats
  5 giant cockroaches
  10 goblins
  9 hobgoblins
  12 jackals
  2 quokkas
  3 ball pythons
  6 frilled lizards
  12 kobolds
  A leopard gecko skeleton (D:5)
  A quokka skeleton (D:5)
  A quokka zombie (D:3)
  4 rats
233 creatures vanquished.

Notes
Turn   | Place    | Note
-------+----------+-------------------------------------------
     0 | D:1      | Lugonue the Draconian Venom Mage began the quest for the
                  | Orb.
     0 | D:1      | Reached XP level 1. HP: 14/14 MP: 3/3
   570 | D:1      | Reached XP level 2. HP: 8/20 MP: 1/5
  1825 | D:1      | Reached XP level 3. HP: 11/26 MP: 3/6
  2174 | D:1      | Reached skill level 1 in Unarmed Combat
  2893 | D:1      | Learned a level 2 spell: Poisonous Vapours
  3154 | D:2      | Reached XP level 4. HP: 28/33 MP: 4/7
  3798 | D:3      | Reached XP level 5. HP: 38/39 MP: 4/9
  4076 | D:3      | Learned a level 4 spell: Olgreb's Toxic Radiance
  4196 | D:4      | Reached skill level 1 in Polearms
  4196 | D:4      | Reached skill level 1 in Air Magic
  4356 | D:4      | Reached XP level 6. HP: 30/46 MP: 5/10
  4400 | D:4      | Found a stormy altar of Qazlal.
  4539 | D:4      | Found a staircase to the Ecumenical Temple.
  4624 | D:4      | Noticed Edmund
  4637 | D:4      | Killed Edmund
  4637 | D:4      | Reached skill level 1 in Fighting
  4637 | D:4      | Reached skill level 2 in Polearms
  4981 | Temple   | Entered the Ecumenical Temple
  5036 | Temple   | Became a worshipper of Warmaster Okawaru
  5073 | D:5      | Entered Level 5 of the Dungeon
  5190 | D:5      | Your scales start taking on a lurid green colour.
  5190 | D:5      | Reached skill level 5 in Poison Magic
  5190 | D:5      | Reached XP level 7. HP: 52/52 MP: 12/12
  5190 | D:5      | Gained mutation: Your system is resistant to poisons.
                  | (rPois) [Green Draconian growth]
  5310 | D:5      | Found Libel's Antique Armour Shoppe.
  5329 | D:5      | Reached skill level 3 in Polearms
  5332 | D:5      | Bought a pair of runed gloves for 202 gold pieces
  5368 | D:5      | Found a hide-covered altar of Uskayaw.
  5369 | D:5      | Noticed a +0 dagger
  5369 | D:5      | Noticed a +0 dagger
  5421 | D:4      | Learned a level 3 spell: Ignite Poison
  5559 | D:5      | Found Vauvaj's Assorted Antiques.
  5582 | D:5      | Found a runed translucent door.
  5583 | D:5      | Noticed Crazy Yiuf
  5614 | D:5      | Reached skill level 4 in Polearms
  5855 | D:5      | Reached * piety under Okawaru
  6054 | D:5      | Killed Crazy Yiuf
  6147 | D:6      | Noticed Sigmund
  6148 | D:6      | Reached skill level 5 in Polearms
  6148 | D:6      | Reached XP level 8. HP: 61/61 MP: 5/14
  6166 | D:6      | Killed Sigmund
  6345 | D:6      | Reached skill level 6 in Polearms
  6412 | D:6      | Reached ** piety under Okawaru
  6913 | D:6      | Reached skill level 7 in Polearms
  6913 | D:6      | Reached XP level 9. HP: 68/68 MP: 16/16
  6926 | D:6      | Learned a level 3 spell: Mephitic Cloud
  7368 | D:7      | Reached *** piety under Okawaru
  7368 | D:7      | Reached skill level 5 in Spellcasting
  7564 | D:7      | Learned a level 3 spell: Stone Arrow
  7726 | D:8      | Reached skill level 8 in Polearms
  7936 | D:8      | Reached skill level 1 in Fire Magic
  8277 | D:8      | Reached skill level 9 in Polearms
  8554 | D:8      | Reached **** piety under Okawaru
  8635 | D:8      | Reached XP level 10. HP: 77/77 MP: 8/18
  9050 | D:9      | Found a staircase to the Orcish Mines.
  9263 | D:9      | Found a roughly hewn altar of Beogh.
  9809 | Orc:1    | Entered Level 1 of the Orcish Mines
  9809 | Orc:1    | Noticed Erica
  9810 | Orc:1    | Noticed an orc high priest
  9813 | Orc:1    | Noticed an orc sorcerer
  9819 | D:9      | Killed Erica
  9819 | D:9      | Reached skill level 10 in Polearms
  9819 | D:9      | Reached skill level 1 in Conjurations
  9918 | Orc:1    | Noticed a smoke demon
  9920 | Orc:1    | Reached skill level 1 in Earth Magic
  9920 | Orc:1    | Reached ***** piety under Okawaru
  9920 | Orc:1    | Paralysed by an orc sorcerer for 6 turns
  9921 | Orc:1    | Noticed a sixfirhy
  9921 | Orc:1    | Noticed an orc sorcerer
  9924 | Orc:1    | Slain by a sixfirhy

Illustrated notes

Levels and vault maps discovered:
D:1:      minmay_arrival_doors, layout_loops_corners
D:2:      layout_rooms, serial_curves, eino_curves_01, eino_curves_03,
          eino_curves_02
D:3:      layout_rooms
D:4:      cheibrodos_greedy_goblins, layout_cave_pools,
          minmay_temple_entry_drinking_statues, serial_rivers,
          chequers_serial_rivers_micro_e, chequers_serial_rivers_large_a,
          chequers_serial_rivers_large_b, chequers_serial_rivers_micro_c,
          grunt_qazlal_sundering, uniq_edmund
D:5:      layout_loops_cross, dancing_weapons_uskayaw, serial_shops,
          nicolae_shop_trees, shop, first_ration, kennysheep_generic_room_13,
          uniq_crazy_yiuf_cottage
D:6:      layout_basic, uniq_sigmund
D:7:      layout_basic
D:8:      minmay_angry_zag, layout_basic, hangedman_pestilent_swarm
D:9:      layout_gridville, david_orc_5
Temple:   dpeg_three_leaves_temple
Orc:1:    layout_diamond_mine, serial_shops, nicolae_shop_behind_doors,
          uniq_erica

Skill      XL: |  1  2  3  4  5  6  7  8  9 10 |
---------------+-------------------------------+-----
Stealth        | 2 |  2.1
Unarmed Combat | 1 |  1.0
Transmutations | 2 3 |  3.2
Dodging        | 2 3 4 |  4.2
Poison Magic   | 4 5 6 7 8 |  8.2
Spellcasting   | 3 4 5 7 |  7.0
Polearms       | 1 2 5 7 9 10 | 10.2
Air Magic      | 1 2 3 |  3.2
Fighting       | 1 2 3 |  3.9
Fire Magic     | 1 |  1.8
Conjurations   | 1 |  1.0
Earth Magic    | 1 |  1.0

Action                   |  1- 3 |  4- 6 |  7- 9 | 10-12 || total
-------------------------+-------+-------+-------+-------++-------
Melee: Unarmed           |   119 |       |       |       ||   119
       Tailslap          |    11 |    18 |    28 |     9 ||    66
       Spear             |    27 |    91 |       |       ||   118
       Trident           |       |    79 |   283 |    80 ||   442
       Punch             |       |       |     2 |       ||     2
 Cast: Sting             |    32 |    16 |     5 |     3 ||    56
       Poisonous Vapours |     3 |    25 |    30 |    12 ||    70
       Olgreb's Toxic Ra |       |     1 |     9 |     7 ||    17
       Ignite Poison     |       |       |     9 |     6 ||    15
       Stone Arrow       |       |       |     3 |     4 ||     7
Invok: Heroism           |       |       |     1 |       ||     1
  Use: Scroll            |     4 |     4 |     1 |     5 ||    14
       Potion            |       |       |       |     1 ||     1
 Stab: Sleeping          |     2 |       |     4 |     4 ||    10
       Distracted        |       |       |       |     1 ||     1
  Eat: Chunk             |     8 |     8 |    12 |     3 ||    31
       Ration            |       |       |     1 |     3 ||     4
Armor: Skin              |    51 |    56 |    82 |    26 ||   215
Dodge: Dodged            |   115 |   120 |   159 |    37 ||   431

Table legend:
 A = Non-vault XP
 B = Vault XP
 C = Vault XP percentage of total XP
 D = Non-vault monster count
 E = Vault monster count
 F = Vault count percentage of total count
                 A         B        C        D         E       F
            +---------+---------+-------+---------+---------+-------
      Total |    6126 |    3019 |  33.0 |     187 |      46 |  19.7
            +---------+---------+-------+---------+---------+-------
        D:1 |      54 |       0 |   0.0 |      26 |       0 |   0.0
        D:2 |      53 |       0 |   0.0 |      12 |       0 |   0.0
        D:3 |     108 |       0 |   0.0 |      22 |       0 |   0.0
        D:4 |     292 |     173 |  37.2 |      17 |      11 |  39.3
        D:5 |     663 |      40 |   5.7 |      20 |       1 |   4.8
        D:6 |    1207 |     220 |  15.4 |      24 |       1 |   4.0
        D:7 |     792 |       0 |   0.0 |      13 |       0 |   0.0
        D:8 |    1363 |     671 |  33.0 |      25 |       9 |  26.5
        D:9 |    1012 |    1915 |  65.4 |      16 |      24 |  60.0
      Orc:1 |     582 |       0 |   0.0 |      12 |       0 |   0.0
            +---------+---------+-------+---------+---------+-------
